 Dungeon Crawl Stone Soup version 0.17.0-28-g6e173f8 (webtiles) character file.

165 septik the Magician (level 5, -4/28 HPs)
             Began as a Deep Elf Fire Elementalist on Nov 22, 2015.
             Slain by a centaur (7 damage)
             ... on level 5 of the Dungeon.
             The game lasted 00:04:59 (2790 turns).

septik the Magician (Deep Elf Fire Elementalist)    Turns: 2790, Time: 00:04:59

Health: -4/28      AC:  2    Str:  5    XL:     5   Next: 22%
Magic:  5/14       EV: 13    Int: 21    God:
Gold:   136        SH:  0    Dex: 15    Spells: 4 memorised, 1 level left

rFire  . . .     SeeInvis .     t - +0 dagger
rCold  . . .     Clarity  .     a - +0 robe
rNeg   . . .     SustAt   .     (no shield)
rPois  +         Gourm    .     (no helmet)
rElec  .         Spirit   .     (no cloak)
rCorr  .         Warding  .     (no gloves)
rMut   .         Stasis   .     (no boots)
MR     .....                    g - amulet of inaccuracy (curse)
Stlth  ++........               (no ring)
                                h - ring of poison resistance

@: very slightly contaminated, not resistant to hostile enchantments, unstealthy
A: no striking features
a: no special abilities


You were on level 5 of the Dungeon.
You were hungry.

You visited 1 branch of the dungeon, and saw 5 of its levels.

You collected 136 gold pieces.

Inventory:

Hand Weapons
 t - a +0 dagger (weapon)
Missiles
 s - 79 stones (quivered)
Armour
 a - a +0 robe (worn)
Jewellery
 g - a cursed amulet of inaccuracy (around neck)
 h - a ring of poison resistance (left hand)
 A - a cursed ring of teleportation {unknown}
Scrolls
 d - 5 scrolls of identify {unknown}
 e - 3 scrolls of teleportation {unknown}
 i - 2 scrolls of enchant weapon {unknown}
 k - a scroll of fear {unknown}
 n - 3 scrolls of recharging {unknown}
 p - a scroll of fog {unknown}
 u - a scroll of blinking {unknown}
 v - a scroll of enchant armour {unknown}
 x - a scroll of amnesia {unknown}
 y - 2 scrolls of immolation {unknown}
Potions
 f - 2 potions of haste {unknown}
 l - a potion of beneficial mutation {unknown}
 m - a potion of might {unknown}
 o - a potion of cure mutation {unknown}
 q - 2 potions of agility {unknown}
 w - a potion of curing {unknown}
 z - a potion of heal wounds {unknown}
Books
 b - a book of Flames

   Spells                             Type                      Level
   a - Flame Tongue                   Conjuration/Fire             1
   b - Throw Flame                    Conjuration/Fire             2
   c - Conjure Flame                  Conjuration/Fire             3
   d - Inner Flame                    Hexes/Fire                   3
   e - Sticky Flame                   Conjuration/Fire             4
   f - Fireball                       Conjuration/Fire             5
Comestibles
 c - 4 bread rations
 j - 3 fruits


   Skills:
 - Level 2.4 Dodging
 - Level 2.4 Stealth
 + Level 5.0 Spellcasting
 * Level 3.3 Conjurations
 + Level 4.4 Fire Magic


You had one spell level left.
You knew the following spells:

 Your Spells              Type           Power        Failure   Level  Hunger
a - Flame Tongue          Conj/Fire      ###..        1%          1    None
b - Conjure Flame         Conj/Fire      ###.....     10%         3    ##.....
c - Sticky Flame          Conj/Fire      ###.....     24%         4    ####...
d - Fireball              Conj/Fire      ###.......   67%         5    #####..


Dungeon Overview and Level Annotations

Branches:
Dungeon (5/15)
 Temple: D:4-7

Altars:


Message History

The jackal skeleton closely misses you.
There is a stone staircase leading down here.
The jackal skeleton completely misses you.
You climb downwards.
A centaur comes into view.
There is a stone staircase leading up here.
The centaur shouts!
The centaur hits you.
* * * LOW HITPOINT WARNING * * *
The centaur misses you.
Casting: Sticky Flame
Confirm with . or Enter, or press ? or * to list all spells.
Aiming: Sticky Flame
Press: ? - help, Shift-Dir - straight line, f - centaur
Aim: a centaur The sticky flame hits the centaur.
The centaur is lightly wounded.
The centaur is covered in liquid flames!
The centaur burns!
The centaur hits you!
You die...

##.....#
##......#
##.......#
#........#
##........##
#..........#
...........#
.......<.@c#
...........#
.......#####
.######


You could see a centaur (burning).

Vanquished Creatures
  A water moccasin skeleton (D:3)
  2 centaur skeletons
  2 adders (D:2)
  3 worms
  An orc (D:3)
  2 giant cockroaches
  2 goblins
  6 hobgoblins
  2 jackals (D:1)
  2 quokkas
  A ball python (D:3)
  2 bats (D:1)
  4 kobolds
  A quokka skeleton (D:4)
  6 rats
37 creatures vanquished.

Notes
Turn   | Place    | Note
--------------------------------------------------------------
     0 | D:1      | septik the Deep Elf Fire Elementalist began the quest for the Orb.
     0 | D:1      | Reached XP level 1. HP: 10/10 MP: 6/6
   597 | D:1      | Reached XP level 2. HP: 9/15 MP: 0/8
  1275 | D:2      | Reached XP level 3. HP: 19/19 MP: 7/10
  1431 | D:2      | Reached skill level 4 in Spellcasting
  1727 | D:3      | Reached XP level 4. HP: 16/24 MP: 8/12
  2530 | D:3      | Reached XP level 5. HP: 10/28 MP: 10/14
  2537 | D:3      | Learned a level 3 spell: Conjure Flame
  2542 | D:3      | Learned a level 4 spell: Sticky Flame
  2548 | D:3      | Learned a level 5 spell: Fireball
  2741 | D:4      | Reached skill level 5 in Spellcasting
  2765 | D:4      | Noticed an ogre
  2787 | D:5      | Entered Level 5 of the Dungeon
  2787 | D:5      | Noticed a centaur
  2790 | D:5      | Slain by a centaur

Action                   |  1- 3 |  4- 6 || total
-------------------------+-------+-------++-------
Melee: Unarmed           |     4 |       ||     4
       Dagger            |     1 |     1 ||     2
 Cast: Flame Tongue      |    57 |    30 ||    87
       Sticky Flame      |       |     1 ||     1
  Eat: Chunk             |     2 |     3 ||     5
